 Dungeon Crawl Stone Soup version 0.30-a0-341-g682706514a (webtiles) character file.

Game seed: 18270560918036714202

68 Ijustatesigmund the Firebug (level 4, 30/30 HPs)
             Began as a Demonspawn Fire Elementalist on Nov 5, 2022.
             Quit the game on level 2 of the Dungeon.
             The game lasted 00:02:25 (1506 turns).

Ijustatesigmund the Firebug (DsFE)                  Turns: 1506, Time: 00:02:25

Health: 30/30      AC:  3    Str:  8    XL:     4   Next: 1%
Magic:  16/16      EV: 12    Int: 18    God:
Gold:   78         SH:  0    Dex: 14    Spells: 5/8 levels left

rFire   . . .      SeeInvis .    c - +0 short sword
rCold   . . .      Faith    .    (no shield)
rNeg    . . .      Spirit   .    a - +0 robe
rPois   .          Reflect  .    (no helmet)
rElec   .          Harm     .    (no cloak)
rCorr   .          Rampage  .    g - +0 pair of gloves
Will    .....                    (no boots)
Stlth   ++........               (no amulet)
HPRegen 0.25/turn                h - ring of magical power
MPRegen 0.30/turn                (no ring)

@: no status effects
A: demonic guardian 1, magic regeneration, weakness stinger 1
a: no special abilities


You were on level 2 of the Dungeon.
You visited 1 branch of the dungeon, and saw 2 of its levels.

You collected 78 gold pieces.

Inventory:

Hand Weapons
 c - a +0 short sword (weapon)
Armour
 a - a +0 robe (worn)
 g - a +0 pair of gloves (worn)
Jewellery
 h - a ring of magical power (left hand)
 j - an amulet of the acrobat
Scrolls
 d - a scroll of amnesia {unknown}
 e - a scroll of summoning {unknown}
 f - a scroll of silence {unknown}
 k - a scroll of identify {unknown}
 m - a scroll of torment {unknown}
Potions
 b - a potion of magic
 i - a potion of invisibility {unknown}
 l - a potion of flight {unknown}


   Skills:
 - Level 1.7 Dodging
 - Level 1.7 Stealth
 + Level 2.5 Spellcasting
 * Level 2.5 Conjurations
 * Level 3.5 Fire Magic


You had 5 spell levels left.
You knew the following spells:

 Your Spells              Type           Power      Damage    Failure   Level
a - Foxfire               Conj/Fire      52%        2x1d6     4%          1
b - Scorch                Fire           28%        2d6       6%          2

Your spell library contained the following spells:

 Spells                   Type           Power      Damage    Failure   Level
 Freeze                   Ice            8%         1d3       17%         1
 Inner Flame              Hex/Fire       8%         N/A       26%         3
 Hailstorm                Conj/Ice       6%         3d4       30%         3
 Kindle Blastsparks       Fire/Tloc/Air  12%        2d11      32%         3
 Frozen Ramparts          Ice            4%         1d1       45%         3
 Flame Wave               Conj/Fire      13%        2d6       45%         4
 Fulminant Prism          Conj/Hex       3%         3d5       71%         4
 Iskenderun's Mystic Bla  Conj/Tloc      6%         2d4       71%         4
 Fireball                 Conj/Fire      6%         3d5       80%         5
 Lee's Rapid Deconstruct  Erth           1%         3d4*      99%         5
 Starburst                Conj/Fire      6%         6d4       100%        6


Dungeon Overview and Level Annotations

Branches:
Dungeon (2/15)

Altars:


Innate Abilities, Weirdness & Mutations

A weak demonic guardian rushes to your aid.
You regenerate magic rapidly.
You have a small tail.


Message History

You hit the orc but do no damage.
The orc hits you with a +0 vorpal hand axe.
You hit the orc but do no damage. The orc closely misses you.
You barely miss the orc.
Your tail-slap misses the orc.
The orc hits you with a +0 vorpal hand axe.
You closely miss the orc.
Your tail-slap misses the orc.
The orc barely misses you.
You barely miss the orc.
The orc hits you with a +0 vorpal hand axe.
Casting: Foxfire (safe; 4% risk of failure)
Confirm with . or Enter, or press ? or * to list all spells.
Flames lash the orc.
The orc is heavily wounded.
The orc's fire resistance burns away.
You hear a shout!
The orc hits you with a +0 vorpal hand axe.
* * * LOW HITPOINT WARNING * * *
x2 The orc hits you but does no damage.
Casting: Scorch (safe; 6% risk of failure)
Confirm with . or Enter, or press ? or * to list all spells.
Flames lash the orc.
The orc is burned terribly!
You kill the orc!
An orc comes into view. It is wielding a +0 hand axe.
Things that are here:
a +0 dagger; a +0 robe
Casting: Scorch (safe; 6% risk of failure)
Confirm with . or Enter, or press ? or * to list all spells.
You conjure some foxfire!
The foxfire hits the orc.
The orc is moderately wounded.
The foxfire hits the orc.
You kill the orc!
You have reached level 4!
You feel agile.
Your demonic ancestry asserts itself...
You feel the presence of a demonic guardian.
You start resting.
Magic restored.
You start resting.
HP restored.
Are you sure you want to abandon this character and quit the game? (Confirm with "yes".)

. #...
.##................. #
#....
##........#####...####
.......#.# #...#
#..##.#..# #...# .
#..#.# #...# ## #.
#.##.# #.^.###.
#.##.##.#####...##..
#.###.............#.....
#......@..)).####..###..
#.###.#####..##.......o.
# .......#.######
.##..####.###### .. ...#
#....... . .....
...##### ##.### ##. ..#


There were no monsters in sight!

Vanquished Creatures
  Jessica (D:2)
  A dart slug (D:1)
  2 orcs (D:2)
  2 ball pythons
  3 bats (D:1)
  3 endoplasms
  2 giant cockroaches (D:1)
  2 goblins (D:1)
  3 hobgoblins
  6 jackals
  2 quokkas
  4 kobolds
31 creatures vanquished.

Vanquished Creatures (collateral kills)
  A foxfire (D:1)
1 creature vanquished.

Vanquished Creatures (others)
  80 foxfires
80 creatures vanquished.

Grand Total: 112 creatures vanquished

Notes
Turn   | Place    | Note
-------+----------+-------------------------------------------
     0 | D:1      | Ijustatesigmund the Demonspawn Fire Elementalist began the
                  | quest for the Orb.
     0 | D:1      | Reached XP level 1. HP: 13/13 MP: 3/3
   249 | D:1      | Gained mutation: You regenerate magic rapidly. [demonic
                  | ancestry]
   249 | D:1      | Reached XP level 2. HP: 19/19 MP: 3/5
   257 | D:1      | Reached skill level 3 in Fire Magic
   264 | D:1      | Learned a level 2 spell: Scorch
  1100 | D:2      | Discovered your monstrous ancestry.
  1100 | D:2      | Gained mutation: You have a small tail. [demonic ancestry]
  1100 | D:2      | Reached XP level 3. HP: 22/24 MP: 6/6
  1323 | D:2      | Noticed Jessica
  1329 | D:2      | Killed Jessica
  1437 | D:2      | Gained mutation: A weak demonic guardian rushes to your
                  | aid. [demonic ancestry]
  1437 | D:2      | Reached XP level 4. HP: 12/30 MP: 7/7
  1506 | D:2      | Quit the game

Illustrated notes

Levels and vault maps discovered:
D:1:      giann_bridges, layout_loops_ring
D:2:      layout_loops_cross, serial_glass, glass_columns_a, glass_columns_c,
          glass_columns_a, glass_columns_a, uniq_jessica

Skill      XL: |  1  2 |
---------------+-------+-----
Fire Magic     | 3 |  3.5
Conjurations   | 2 |  2.5
Dodging        | |  1.7
Stealth        | |  1.7
Spellcasting   | |  2.5

Action                   |  1- 3 |  4- 6 || total
-------------------------+-------+-------++-------
Melee: Short sword       |    37 |       ||    37
       Punch             |     1 |       ||     1
       Tailslap          |     2 |       ||     2
 Cast: Foxfire           |    49 |       ||    49
       Scorch            |     2 |       ||     2
 Stab: Sleeping          |     2 |       ||     2
Armor: Robe              |    19 |       ||    19
Dodge: Dodged            |    44 |       ||    44

Table legend: (Time is in decaauts)
 A = Elapsed time spent in this place.
 B = Non-inter-level travel time spent in this place.
 C = Inter-level travel time spent in this place.
 D = Time resting spent in this place.
 E = Time spent auto-exploring this place.
 F = Levels seen in this place.
 G = Mean time per level.
                   A        B        C        D        E       F      G
               +--------+--------+--------+--------+--------+-----+--------+
         Total |   1507 |   1429 |     78 |    366 |    816 |   2 |  753.5 |
       Dungeon |   1507 |   1429 |     78 |    366 |    816 |   2 |  753.5 |
               +--------+--------+--------+--------+--------+-----+--------+

Top non-repeatable levels by time:
     D:1: 1105 daAuts
     D:2: 402 daAuts
